 Dungeon Crawl Stone Soup version 0.22.1-6-g1668fe2c40 (webtiles) character file.

84 Kohma the Ruffian (level 4, -4/44 HPs)
             Began as a Troll Monk on Jan 28, 2019.
             Killed by nerve-wracking pain
             ... invoked by an orc priest
              (13 damage)
             ... on level 3 of the Dungeon.
             The game lasted 00:04:43 (1762 turns).

Kohma the Ruffian (Troll Monk)                      Turns: 1762, Time: 00:04:43

Health: -4/44      AC:  5    Str: 19    XL:     4   Next: 24%
Magic:  3/3        EV: 10    Int:  7    God:
Gold:   133        SH:  0    Dex: 12    Spells: 3/3 levels left

rFire    . . .     SeeInvis .     - Unarmed
rCold    . . .     Gourm    +   (no shield)
rNeg     . . .     Faith    .   a - +0 robe
rPois    .         Spirit   .   (helmet restricted)
rElec    .         Reflect  .   f - scarf {repulsion}
rCorr    .         Harm     .   (gloves unavailable)
MR       .....                  (boots unavailable)
Stlth    ++........             (no amulet)
HPRegen  0.54/turn              (no ring)
MPRegen  0.08/turn              (no ring)

@: repel missiles
A: large, unfitting armour, claws 3, fast metabolism 3, gourmand, regeneration
1, shaggy fur 1, tough skin 2
a: no special abilities


You were on level 3 of the Dungeon.
You were completely stuffed.

You visited 1 branch of the dungeon, and saw 3 of its levels.

You collected 133 gold pieces.

Inventory:

Hand Weapons
 i - a +0 hunting sling
Missiles
 d - 8 javelins (quivered)
 g - 85 stones
 j - 8 tomahawks
Armour
 a - a +0 robe (worn)
 f - a scarf of repulsion (worn)
Jewellery
 h - a cursed ring of attention {unknown}
Scrolls
 c - 2 scrolls of identify {unknown}
Potions
 e - 2 potions of resistance {unknown}
 k - a potion of curing {unknown}
Comestibles
 b - 5 rations


   Skills:
 - Level 2.5 Fighting
 - Level 2.4 Dodging
 - Level 1.1 Stealth
 + Level 5.0 Unarmed Combat


You had 3 spell levels left.
You didn't know any spells.
Your spell library was empty.

Dungeon Overview and Level Annotations

Branches:
Dungeon (3/15)

Altars:
Trog


Innate Abilities, Weirdness & Mutations

You are too large for most types of armour.
You have claws for hands.
Your metabolism is lightning-fast.
You like to eat raw meat.
Your natural rate of healing is unusually fast.
You are covered in fur. (AC +1)
You have very tough skin. (AC +2)


Message History

The orc priest looks encouraged for a moment.
The orc priest hits you with a trident.
The orc shouts!
You scratch the orc priest.
The orc priest is lightly wounded.
The orc priest mumbles some strange prayers to Beogh against you.
Beogh smites you!
You scratch the orc.
The orc is moderately wounded.
The orc priest hits you from afar with a trident!
* * * LOW HITPOINT WARNING * * *
You claw the orc!
You kill the orc!
The orc priest hits you from afar with a trident.
* * * LOW HITPOINT WARNING * * *
The orc priest calls upon Beogh to heal the orc priest.
The orc priest's wounds heal themselves!
The orc priest invokes the aid of Beogh against you.
Pain shoots through your body!
You die...

#...<.. #..##..
#..##.# #..##.#
#..##.# #
#..##.##.#
#........#
###########.##.####
#oo.oo@.....##.#
...############.#
#.# #.# ###### #.#
.....#
#############.#
####.#
#.............# #.#
##.#############
#.######...#


You could see 3 orc priests and an orc.

Vanquished Creatures
  3 adders
  A worm (D:2)
  3 dart slugs
  2 orcs (D:3)
  2 giant cockroaches
  7 goblins
  6 hobgoblins
  3 jackals (D:2)
  4 bats
  4 frilled lizards
  6 kobolds
  4 rats
45 creatures vanquished.

Notes
Turn   | Place    | Note
-------+----------+-------------------------------------------
     0 | D:1      | Kohma the Troll Monk began the quest for the Orb.
     0 | D:1      | Reached XP level 1. HP: 22/22 MP: 0/0
   292 | D:1      | Reached XP level 2. HP: 26/29 MP: 1/1
   736 | D:2      | Reached skill level 4 in Unarmed Combat
   736 | D:2      | Reached XP level 3. HP: 36/36 MP: 2/2
   892 | D:2      | Found a bloodstained altar of Trog.
  1558 | D:3      | Reached XP level 4. HP: 42/44 MP: 3/3
  1749 | D:3      | Reached skill level 5 in Unarmed Combat
  1762 | D:3      | Killed from afar by an orc priest

Skill      XL: |  1  2  3  4 |
---------------+-------------+-----
Unarmed Combat | 4 5 |  5.0
Fighting       | |  2.5
Dodging        | |  2.4
Stealth        | |  1.1

Action                   |  1- 3 |  4- 6 || total
-------------------------+-------+-------++-------
Melee: Unarmed           |    57 |    15 ||    72
Throw: Javelin           |    33 |       ||    33
       Stone             |     2 |       ||     2
 Stab: Sleeping          |     3 |     1 ||     4
  Eat: Chunk             |    19 |     3 ||    22
Armor: Robe              |    29 |     3 ||    32
Dodge: Dodged            |    54 |     4 ||    58
       Deflected         |     5 |       ||     5
